Warning! The script has encountered some errors when parsing the replay. Please report them to the . » details
0x00, prev: 0x16: 16 02 01 00 DF 55 00 00 DF 55 00 00 [00] 00 00 00 00 00 00 00 00 00 00 00 00 00 00 00 00 00 00 00 00 00 00 00 00 00
0x00, prev: 0x00: 16 02 01 00 DF 55 00 00 DF 55 00 00 00 00 00 00 00 00 00 00 00 00 00 00 00 00 00 00 00 00 00 00 00 00 00 00 [00] 00
General information
- name: BNet
- type: Ladder 1vs1/FFA
- host: Battle.net
- saver: brucewillisusa
map: MeltingValley
- players: 2
- length: 04:58
- speed: Fast
- version: 1.23 W3XP
- replay type: Public
» download(14 KB)
Players
team 1 (winner)
brucewillisusa (
blue | 60 APM | 301 actions | 04:58)
2 Pandaren Brewmaster
1 Breath of Fire
1 Drunken Haze
» actions
| Assign group hotkey | 3 | |
| Build / train | 27 | |
| Enter build submenu | 17 | |
| Enter hero's abilities submenu | 2 | |
| Right click | 115 | |
| Select / deselect | 85 | |
| Select group hotkey | 16 | |
| Use ability | 36 | |
301 total
» units
» upgrades
» buildings
| Farm | 3 | |
| Altar of Kings | 1 | |
| Lumber Mill | 1 | |
| Scout Tower | 11 | |
| Arcane Tower | 3 | |
| Guard Tower | 4 | |
23 total
» build order
01:09 Farm
01:11 Farm
01:33 Altar of Kings
01:37 Lumber Mill
01:41 Scout Tower
01:44 Scout Tower
02:14 Arcane Tower
02:31 Arcane Tower
02:31 Arcane Tower
02:53 Scout Tower
03:23 Scout Tower
03:25 Guard Tower
03:28 Scout Tower
03:56 Guard Tower
03:58 Scout Tower
03:59 Scout Tower
04:08 Farm
04:10 Scout Tower
04:12 Scout Tower
04:14 Guard Tower
04:16 Scout Tower
04:19 Scout Tower
04:55 Guard Tower
team 2 (loser)
King.Cole (
purple | 43 APM | 212 actions | 04:57)
1 Warden
1 Blink
» actions
| Build / train | 15 | |
| ESC pressed | 1 | |
| Enter build submenu | 7 | |
| Enter hero's abilities submenu | 1 | |
| Remove unit from queue | 1 | |
| Right click | 108 | |
| Select / deselect | 69 | |
| Use ability | 10 | |
212 total
» units
» buildings
| Altar of Elders | 1 | |
| Moon Well | 1 | |
| Tree of Ages | 4 | |
| Hunter's Hall | 1 | |
| Ancient Protector | 2 | |
9 total
» build order
00:10 Altar of Elders
00:18 Moon Well
02:01 Tree of Ages
02:01 Tree of Ages
02:01 Tree of Ages
02:18 Hunter's Hall
03:28 Ancient Protector
03:31 Ancient Protector
Chat log
(00:51 / All) brucewillisusa: fuck this map is huge
(00:56 / All) King.Cole: FOR SURE
(01:22 / All) King.Cole: lol farm rush
(01:27 / All) brucewillisusa: i dont think it works on this map
(01:28 / All) brucewillisusa: hmm
(01:44 / All) King.Cole: you are noob at fram rush?
(01:51 / All) brucewillisusa: ya
(02:03 / All) brucewillisusa: is this like a known strat?
(03:47 / All) King.Cole: lol
(04:20 / All) King.Cole: merksuace
(04:22 / All) brucewillisusa: gg
(04:27 / All) King.Cole: gg
(04:33 / All) King.Cole: how do i stop this?
(04:37 / All) brucewillisusa: hmm
(04:40 / All) brucewillisusa: i think make aows fast
(04:42 / All) brucewillisusa: adn get tav hero
(04:46 / All) brucewillisusa: sanme as tower rush
(04:55 / All) King.Cole: o ok ty